 Dungeon Crawl Stone Soup version 0.13.0-21-ge43020b (webtiles) character file.

3765 Ragg the Thaumaturge (level 9, 0/45 HPs)
             Began as a Deep Elf Conjurer on Oct 26, 2013.
             Was a Follower of Sif Muna.
             Slain by an orc warrior
             ... wielding a +0,+1 orcish glaive
              (21 damage)
             ... on Level 8 of the Dungeon on Oct 27, 2013.
             The game lasted 01:26:16 (11487 turns).

Ragg the Thaumaturge (Deep Elf Conjurer)           Turns: 11487, Time: 01:26:17

HP   0/45        AC  3     Str  8      XL: 9   Next: 76%
MP  15/28        EV 15     Int 21      God: Sif Muna [*.....]
Gold 345         SH 13     Dex 19      Spells:  6 memorised,  6 levels left

Res.Fire  : . . .   See Invis. : .   m - +1 elf short sword
Res.Cold  : . . .   Warding    : .   a - +1 elf robe
Life Prot.: . . .   Conserve   : .   n - +1 dwarf buckler
Res.Poison: .       Res.Corr.  : .   (no helmet)
Res.Elec. : .       Clarity    : .   (no cloak)
Sust.Abil.: . .     Spirit.Shd : .   (no gloves)
Res.Mut.  : .       Stasis     : .   (no boots)
Res.Rott. : .       Flight     : .   C - amulet of Fepaehaa {Gourm Dex+4}
Gourmand  : +                        (no ring)
                                     (no ring)

@: mildly poisoned, somewhat resistant to hostile enchantments, very stealthy
A: no striking features
a: Channel Energy, Renounce Religion


You were on level 8 of the Dungeon.
You worshipped Sif Muna.
Sif Muna was aware of your devotion.
You were hungry.

You visited 2 branches of the dungeon, and saw 9 of its levels.

You collected 325 gold pieces.

Inventory:

Hand weapons
 m - a +1,+1 elven short sword (weapon)
Armour
 a - a +1 elven robe (worn)
 e - a +2 leather armour
 n - a +1 dwarven buckler (worn)
Magical devices
 A - a wand of lightning (5)
 G - a wand of random effects (8) {unknown}
Comestibles
 b - 2 bread rations
 j - 2 pears
 k - 3 chokos
 l - 3 meat rations
 r - 5 grapes
 I - an apricot
Scrolls
 d - 7 scrolls of identify
 f - a scroll of enchant weapon I {unknown}
 h - a scroll of magic mapping
 s - a scroll of fear {unknown}
 t - 3 scrolls of remove curse
 w - a scroll of curse jewellery {unknown}
 x - 3 scrolls of recharging {unknown}
 y - 3 scrolls of enchant weapon II
 H - 2 scrolls of curse weapon {unknown}
Jewellery
 u - an uncursed amulet of clarity
 C - the amulet of Fepaehaa (around neck) {Gourm Dex+4}
   (You found it on level 7 of the Dungeon)

   [amulet of the gourmand]

   It affects your dexterity (+4).
Potions
 g - a potion of agility {unknown}
 i - 2 potions of brilliance {unknown}
 o - 2 potions of heal wounds
 p - 2 potions of curing {unknown}
 q - a potion of beneficial mutation {unknown}
 v - 2 potions of restore abilities {unknown}
 F - a potion of poison {unknown}
 J - a potion of flight {unknown}
Books
 c - a book of Conjurations

   Spells                             Type                      Level
   *Magic Dart                        Conjuration                  1
   *Searing Ray                       Conjuration                  2
   Dazzling Spray                     Conjuration/Hexes            3
   *Iskenderun's Mystic Blast         Conjuration                  4
   *Iskenderun's Battlesphere         Conjuration/Charms           4
   Fulminant Prism                    Conjuration/Hexes            5
 z - a book of the Dragon

   Spells                             Type                      Level
   Flight                             Charms/Air                   3
   Cause Fear                         Hexes                        4
   Bolt of Fire                       Conjuration/Fire             6
   Dragon Form                        Transmutation                7
   Summon Dragon                      Summoning                    9
 B - a book of Fire

   Spells                             Type                      Level
   Fire Brand                         Charms/Fire                  2
   Ignite Poison                      Fire/Transmutation           5
   *Fireball                          Conjuration/Fire             5
   Bolt of Fire                       Conjuration/Fire             6
   Delayed Fireball                   Conjuration/Fire             7
   Ring of Flames                     Charms/Fire                  7
 D - a book of Necromancy

   Spells                             Type                      Level
   Pain                               Necromancy                   1
   Animate Skeleton                   Necromancy                   1
   Lethal Infusion                    Charms/Necromancy            2
   Vampiric Draining                  Necromancy                   3
   *Regeneration                      Charms/Necromancy            3
   Animate Dead                       Necromancy                   4
   Control Undead                     Necromancy                   4
 E - a book of Unlife

   Spells                             Type                      Level
   Recall                             Summoning/Translocation      3
   Animate Dead                       Necromancy                   4
   Control Undead                     Necromancy                   4
   Twisted Resurrection               Necromancy                   5
   Death Channel                      Necromancy                   6
   Simulacrum                         Ice/Necromancy               6


   Skills:
 + Level 4.2 Dodging
 - Level 7.1 Stealth
 - Level 5.0 Shields
 + Level 8.7 Spellcasting
 + Level 8.5 Conjurations
 - Level 6.2 Charms
 * Level 3.4 Fire Magic
 + Level 1.3 Invocations


You had 6 spell levels left.
You knew the following spells:

 Your Spells              Type           Power        Failure   Level  Hunger
a - Magic Dart            Conj           ####         1%          1    None
b - Searing Ray           Conj           #####.       1%          2    None
c - Iskenderun's Battles  Conj/Chrm      #####...     3%          4    ###....
d - Iskenderun's Mystic   Conj           #####...     2%          4    ###....
e - Regeneration          Chrm/Necr      ###.......   10%         3    None
f - Fireball              Conj/Fire      ####......   21%         5    ####...


Dungeon Overview and Level Annotations

Branches:
Dungeon (8/27)             Temple (1/1) D:5
    Orc: D:6-11        Lair: D:8-13

Altars:
Ashenzari
Cheibriados
Elyvilon
Fedhas
Kikubaaqudgha
Makhleb
Nemelex Xobeh
Okawaru
Sif Muna
Trog
Vehumet
Xom
Yredelemnul
Zin
the Shining One

Annotations:
D:3 exclusion: downstairs
D:4 exclusion: 2 downstairs
D:5 exclusion: statue


Message History

The magic dart hits the orc warrior.
The orc warrior is moderately wounded.
You feel sick.
Your battlesphere fires!
The barrage of energy hits the orc warrior.
The orc warrior is severely wounded.
The orc warrior hits you from afar with an orcish glaive.
Your magical contamination has completely faded away.
Casting: Magic Dart
Confirm with . or Enter, or press ? or * to list all spells.
Aiming: Magic Dart
Press: ? - help, Shift-Dir - straight line, f/p - orc warrior
Aim: an orc warrior, wielding an orcish glaive and wearing an orcish plate armour (severely wounded)
The magic dart hits the orc warrior.
The orc warrior is severely wounded.
Your battlesphere fires!
The barrage of energy hits the orc warrior.
The orc warrior is almost dead.
The orc warrior hits you from afar with an orcish glaive!
You die...

######### ###.......#
######### ##.........#
#.......# #..#.......#
#.......# #.##.......#
#.......# #.##.......#
#.......# ##)##.........#
#.......###o.##....oo..##
#.....>.'@.*###.####o....
#.......##### ### .oo8...
#####'### ....... #..#
...o.. ###'### .k.
#.....# #.....#
#.....#####.##
#.....'......#


You could see an orc warrior.

Vanquished Creatures
  Grinder (D:5)
  A manticore (D:4)
  An orc warrior (D:6)
  A sky beast (D:5)
  4 ice beasts
  A black bear (D:6)
  A centaur (D:7)
  2 ogres (D:5)
  A water moccasin (D:3)
  A gnoll sergeant (D:5)
  3 giant frogs
  A killer bee (D:8)
  An eye of draining (D:5)
  A yak skeleton (D:8)
  6 wights (D:6)
  A crimson imp (D:5)
  6 orc priests
  A centaur skeleton (D:4)
  2 scorpions
  6 orc wizards
  A hound (D:6)
  2 iguanas
  5 worker ants
  An ogre zombie (D:7)
  A hound skeleton (D:7)
  A worker ant zombie (D:5)
  50 gnolls (D:5)
  11 adders
  A giant mite (D:5)
  3 worms
  An adder zombie (D:7)
  2 giant geckos (D:3)
  2 oozes
  38 orcs
  19 bats
  2 giant cockroaches (D:2)
  16 hobgoblins
  14 jackals
  A ball python skeleton (D:4)
  A giant cockroach zombie (D:4)
  A giant gecko zombie (D:6)
  5 giant newts
  10 goblins
  16 kobolds
  A kobold skeleton (D:4)
  2 orc skeletons
  A quokka (D:7)
  15 rats
  A rat zombie (D:7)
266 creatures vanquished.

Notes
Turn   | Place    | Note
--------------------------------------------------------------
     0 | D:1      | Ragg, the Deep Elf Conjurer, began the quest for the Orb.
     0 | D:1      | Reached XP level 1. HP: 10/10 MP: 4/4
     0 | D:1      | bongbaron: that was the miscast what killed u right
     0 | D:1      | bongbaron: thats pretty fuckin lol
     0 | D:1      | tripwire: ya
     0 | D:1      | Ragg: lol
     0 | D:1      | bongbaron: on the Ultimate Wizard Race
     2 | D:1      | Noticed a troll
     6 | D:1      | Noticed a demigod
     6 | D:1      | Noticed a human
     8 | D:1      | Noticed an octopode
     8 | D:1      | Noticed a centaur
    10 | D:1      | Noticed a draconian
    10 | D:1      | Noticed a felid
    12 | D:1      | Noticed a ghoul
    12 | D:1      | Noticed a spriggan
    14 | D:1      | Noticed a dwarf
    14 | D:1      | Noticed a demonspawn
    16 | D:1      | Noticed a tengu
    16 | D:1      | Noticed a merfolk
    18 | D:1      | Noticed a vampire
    18 | D:1      | Noticed a minotaur
    20 | D:1      | Noticed an ogre
    22 | D:1      | Noticed a naga
    22 | D:1      | Noticed an elf
    36 | D:1      | bongbaron: fails to cast magic missile
    43 | D:1      | bongbaron: explodes face
    46 | D:1      | tripwire: its tough to get off the ground cuz of how fragile u are as this class
    46 | D:1      | Ragg: what the
    61 | D:1      | tripwire: but u become a real powerhouse in no time
    89 | D:1      | tripwire: just leave the dagge
    89 | D:1      | bongbaron: yeah once you hit battlesphere the game is a breeze
    89 | D:1      | tripwire: ur not gonna melee anyway
    89 | D:1      | bongbaron: yea
    89 | D:1      | Ragg: thats whats nice about casters
    89 | D:1      | Ragg: the early game is interesting
    89 | D:1      | bongbaron: really u need to hit things one at a time
    89 | D:1      | bongbaron: from max range
    89 | D:1      | bongbaron: with darts
    89 | D:1      | bongbaron: thats ur early early early game
    89 | D:1      | Ragg: with berserker its just like, faceroll until like d8
    97 | D:1      | bongbaron: train stealth a little too
    97 | D:1      | tripwire: stealth is the best skill in the game
   127 | D:1      | tripwire: it means u can avoid shit that will kill you
   262 | D:1      | bongbaron: yeah ofr u can put taht xp in killing the shit better
   308 | D:1      | bongbaron: stealth is good but hardly teh best
   417 | D:1      | bongbaron: air is probably the best
   417 | D:1      | Ragg: I dont know what advice to follow
   418 | D:1      | tripwire: lol
   418 | D:1      | bongbaron: when u consider dmsl flight resistance if u need it and otrnado
   418 | D:1      | bongbaron: train stealth
   418 | D:1      | Ragg: Ill get stealth to 3
   418 | D:1      | bongbaron: but turn it off at like 5
   421 | D:1      | bongbaron: yeah
   437 | D:1      | bongbaron: i usually train it to 5 or 6 early game
   437 | D:1      | Reached XP level 2. HP: 15/15 MP: 3/7
   563 | D:1      | bongbaron: then turn it off until pretty freakin late and take it to 10
   563 | D:1      | Ragg: Ok ill take it to 5
   642 | D:1      | tripwire: its totally wirth getting to like 16 or so
   749 | D:1      | tripwire: so u dont wake up dragons or drac packs in zot
   823 | D:1      | bongbaron: by teh time im in zot its not my footsteps waking up drac packs
   827 | D:1      | tripwire: lol
   827 | D:1      | tripwire: well i mean
   829 | D:1      | tripwire: some classes have such a huge apt to stealth
   829 | D:1      | tripwire: its like free
   829 | D:1      | tripwire: like naga
   834 | D:1      | bongbaron: yea
   846 | D:1      | tripwire: and u dont want that kind of attn as naga anyway
   850 | D:1      | tripwire: usually
   856 | D:1      | bongbaron: but also those usually have some reason they need it
   856 | D:1      | bongbaron: like yea
   926 | D:1      | bongbaron: or spriggans b/c of how squishy they are
   944 | D:1      | bongbaron: also ragg btw
   949 | D:1      | tripwire: if these guys are glass cannons, naga conj are like Tanks
   949 | D:1      | Ragg: whats this
   949 | D:1      | bongbaron: things that arent tall enough to stand easily in shallow water, like giants, or flying
   949 | D:1      | bongbaron: take the same fumbling penalty to melee that players do
   949 | D:1      | bongbaron: so you can stand in a pool of water and throw spells at shit
   949 | D:1      | bongbaron: and theyll have to roll just to not fuck up their attack
   949 | D:1      | Ragg: nice
   949 | D:1      | tripwire: conversely, aquatic animals get a huge dmg bonus in water
   949 | D:1      | bongbaron: hi nihnoz
   949 | D:1      | tripwire: so fish can fuck u up
   949 | D:1      | bongbaron: thats a little decorative vault
   984 | D:1      | tripwire: yeah its like a littlezoo
   985 | D:1      | bongbaron: on your way out of the dungeon maybe you bust the glass and kill them :)
   985 | D:1      | tripwire: theres ogres and stuff behind glass
   987 | D:1      | tripwire: nihnoz left
   988 | D:1      | tripwire: because hes a fag
   988 | D:1      | Ragg: agreed
  1046 | D:2      | bongbaron: i think hes just not able to log itn or something
  1046 | D:2      | Ragg: dang
  1055 | D:2      | bongbaron: cause theres an non now
  1066 | D:2      | tripwire: the best part
  1129 | D:2      | tripwire: is he cant say anything
  1129 | D:2      | tripwire: haahah
  1152 | D:2      | bongbaron: lol ruthless
  1152 | D:2      | chacha: im the fag
  1177 | D:2      | Found an ancient bone altar of Kikubaaqudgha.
  1178 | D:2      | tripwire: Hello, Nihnoz
  1188 | D:2      | bongbaron: here comes the fag with aids
  1197 | D:2      | chacha: fag here
  1225 | D:2      | chacha: whats the number one tip for playeing ghmo
  1225 | D:2      | Ragg: nice
  1225 | D:2      | bongbaron: uhmmm
  1225 | D:2      | bongbaron: kill monsters w/ ur powerful clawz
  1225 | D:2      | Ragg: I think your supposed to just level unarmed combat first
  1225 | D:2      | chacha: other than naming it Batman
  1225 | D:2      | Ragg: Cuz its like super important for getting your damage up
  1225 | D:2      | Ragg: Thats all i know about unarmed
  1265 | D:2      | chacha: Thanks Ragg.
  1270 | D:2      | tripwire: make sure to eat monsters
  1274 | D:2      | Ragg: if your a dude whos gourmand or whatever
  1274 | D:2      | Ragg: turning on auto eat chunks is nice
  1315 | D:2      | chacha: ghoul doesnt wana eat raw chunk
  1373 | D:2      | tripwire: i wish i could do that in real life
  1373 | D:2      | Ragg: what i thought ghouls could eat raw chunks
  1373 | D:2      | Ragg: or is it just rotten ones
  1373 | D:2      | Ragg: Or what
  1373 | D:2      | tripwire: automatically eating chunks... *drools*
  1373 | D:2      | chacha: rotten will heal
  1373 | D:2      | Ragg: hell yea
  1373 | D:2      | Ragg: oh yeah
  1373 | D:2      | Ragg: thats true
  1373 | D:2      | bongbaron: hell yeah a buckler!
  1373 | D:2      | bongbaron: early buckler will help your survivability hugely!
  1373 | D:2      | bongbaron: pick that shit up!
  1373 | D:2      | tripwire: bucklers good
  1373 | D:2      | Ragg: it might wait until the chunk is rotten for ghouls
  1373 | D:2      | Ragg: its pretty smart
  1376 | D:2      | bongbaron: its almost no spell penalty
  1381 | D:2      | chacha: can you use claws and a shield
  1381 | D:2      | bongbaron: and 2 skill reduces to 0 with a robe
  1381 | D:2      | bongbaron: train shields up to 5
  1384 | D:2      | Ragg: nice
  1384 | D:2      | bongbaron: turn it on and turn it off at 5 cause buckler does zero penalty even in leather armour then
  1387 | D:2      | bongbaron: and it will help vs early centaurs a lot
  1387 | D:2      | bongbaron: because u dont have rmsl
  1394 | D:2      | Reached XP level 3. HP: 19/19 MP: 8/10
  1485 | D:2      | chacha: what abot mummy necromancer
  1508 | D:2      | bongbaron: theyre strong but gimmicky
  1529 | D:2      | bongbaron: youre super cowardly
  1541 | D:2      | bongbaron: hang aorund the dungeon always recharging to max from every fight
  1542 | D:2      | chacha: lots of waiting right
  1542 | D:2      | bongbaron: because you dont eat
  1543 | D:2      | bongbaron: worship sif muna
  1544 | D:2      | bongbaron: it cuts it down
  1544 | D:2      | tripwire: yeah mummies are insanely fragile
  1547 | D:2      | bongbaron: not being able to drink potions is a serious drawback
  1557 | D:2      | bongbaron: your only healing option is a wand
  1605 | D:2      | chacha: but your good at spells for some reason rite
  1605 | D:2      | bongbaron: free sif muna channeling is pretty sick
  1605 | D:2      | bongbaron: yea
  1605 | D:2      | bongbaron: but like
  1608 | D:2      | Learned a level 2 spell: Searing Ray
  1616 | D:2      | bongbaron: if u want a cool caster
  1620 | D:2      | tripwire: well
  1638 | D:2      | bongbaron: this combo right here
  1657 | D:2      | tripwire: they are kind of like
  1657 | D:2      | bongbaron: deep elf conjurer
  1657 | D:2      | tripwire: bad at spells
  1657 | D:2      | bongbaron: is super tuff
  1657 | D:2      | bongbaron: theyre good at basically necromancy/summoning
  1663 | D:2      | bongbaron: you get haunt up
  1664 | D:2      | tripwire: mummies i mean, aren't they like horrible across the board with aptitudes
  1664 | D:2      | bongbaron: and you throw a wall of ghsots at everything
  1670 | D:2      | bongbaron: and your ghosts kill everything
  1740 | D:2      | bongbaron: thats a mummy caster game
  1742 | D:2      | chacha: that owns
  1752 | D:2      | chacha: that sounds ownage
  1902 | D:2      | bongbaron: it gets kind of borign
  1902 | D:2      | bongbaron: but its super strong
  1902 | D:2      | Ragg: what the
  1902 | D:2      | bongbaron: and safe
  1902 | D:2      | Ragg: thats a lot of bats
  1902 | D:2      | bongbaron: because your behind all you ghosts
  1902 | D:2      | tripwire: BatVault
  1902 | D:2      | bongbaron: yea theres lots of lil vaults like that
  1903 | D:2      | bongbaron: like theres one with tons of rats, guarding a cheese
  1915 | D:2      | chacha: i got far with ghmo once and i worshipped some guy that let me raise skellys and it owned
  1915 | D:2      | tripwire: your gonna get nibbled
  1915 | D:2      | Ragg: ohno
  2017 | D:2      | tripwire: those bats went down pretty easily
  2017 | D:2      | Ragg: Here are the bats i ordered
  2027 | D:2      | tripwire: haha
  2028 | D:2      | bongbaron: lol
  2134 | D:3      | Reached XP level 4. HP: 21/24 MP: 6/13
  2140 | D:3      | tripwire: delicious poison
  2143 | D:3      | chacha: i liked it better when you were Ragg the Digger
  2154 | D:3      | tripwire: u can prolly outwait this poison
  2272 | D:3      | chacha: cause i could say Ragg the Nigger under my breath and chuckle
  2289 | D:3      | bongbaron: hell yeah lair 8 forest w/ a fire spell
  2289 | D:3      | bongbaron: the best feel
  2292 | D:3      | bongbaron: some men jsut want to see the dungeon burn
  2292 | D:3      | Ragg: Ok so
  2292 | D:3      | Ragg: shield penalty stacks with armor i guess
  2292 | D:3      | Ragg: so should i go armor or shield
  2292 | D:3      | bongbaron: both
  2292 | D:3      | bongbaron: its tiny
  2292 | D:3      | bongbaron: well
  2292 | D:3      | bongbaron: train shield
  2292 | D:3      | bongbaron: ignore training amrou
  2292 | D:3      | bongbaron: not worth it
  2292 | D:3      | Ragg: ok
  2292 | D:3      | bongbaron: leather penalty is negligible
  2292 | D:3      | Ragg: yea
  2292 | D:3      | bongbaron: as u remove buckler penalty (will need 5 shields)
  2292 | D:3      | bongbaron: it will drop to almost nothing
  2292 | D:3      | Ragg: ah i see
  2292 | D:3      | Ragg: ok
  2292 | D:3      | Ragg: ill do that
  2292 | D:3      | bongbaron: and as ur strength gets up to 8 or 9
  2292 | D:3      | bongbaron: that will help too
  2304 | D:3      | Ragg: it dont really matter for dart yea
  2304 | D:3      | bongbaron: yea
  2304 | D:3      | bongbaron: well
  2310 | D:3      | bongbaron: read ur book
  2310 | D:3      | bongbaron: memorize sphere
  2310 | D:3      | bongbaron: ur level 4
  2310 | D:3      | bongbaron: itll be shit #
  2310 | D:3      | bongbaron: %
  2310 | D:3      | Ragg: 91% fail lol
  2310 | D:3      | bongbaron: take off the leather for now
  2310 | D:3      | Ragg: oh ok
  2310 | D:3      | tripwire: battlesphere galactica
  2310 | D:3      | bongbaron: and focus charms
  2315 | D:3      | Learned a level 4 spell: Iskenderun's Battlesphere
  2322 | D:3      | bongbaron: focus charms w/ spell/conj/shields on
  2322 | D:3      | bongbaron: and get sphere up ASAP
  2322 | D:3      | bongbaron: because once you get it
  2325 | D:3      | bongbaron: yoll be killing ogres with magic darts in 3 turns
  2328 | D:3      | Ragg: Nice
  2396 | D:3      | Reached skill level 5 in Conjurations
  2456 | D:3      | tripwire: turn charms on
  2458 | D:3      | tripwire: its off
  2458 | D:3      | bongbaron: focus it even
  2458 | D:3      | Ragg: oh
  2458 | D:3      | bongbaron: u have a super strong apt for it
  2462 | D:3      | Noticed a water moccasin
  2464 | D:3      | tripwire: DANGER
  2464 | D:3      | bongbaron: sphere will be on in notime
  2464 | D:3      | Ragg: uh oh
  2464 | D:3      | bongbaron: thats a tuff monster
  2464 | D:3      | bongbaron: dont fihgt yet
  2464 | D:3      | Ragg: is it faster than me
  2464 | D:3      | bongbaron: whats ur inventory?
  2464 | D:3      | bongbaron: yes
  2464 | D:3      | tripwire: what items
  2464 | D:3      | bongbaron: and stronger
  2464 | D:3      | Ragg: uhoh
  2464 | D:3      | bongbaron: very early spawn
  2464 | D:3      | bongbaron: you shouldnt see one of those until like d:5 or 6
  2464 | D:3      | tripwire: hold on
  2464 | D:3      | bongbaron: that must be ood or something
  2464 | D:3      | Ragg: tp?
  2464 | D:3      | tripwire: whats in ur inv
  2464 | D:3      | bongbaron: teleport away
  2464 | D:3      | bongbaron: just tele
  2465 | D:3      | bongbaron: it'll be a bitch with sphere
  2465 | D:3      | tripwire: yeah tele sounds good
  2465 | D:3      | Ragg: Do i fight or just run
  2465 | D:3      | bongbaron: go down to next level
  2465 | D:3      | Ragg: until tele
  2465 | D:3      | bongbaron: run
  2465 | D:3      | tripwire: run
  2465 | D:3      | bongbaron: then go to next level
  2465 | D:3      | tripwire: hopefully ull keep blocking
  2465 | D:3      | bongbaron: and come back when sphere is like 30% fail or better
  2506 | D:3      | tripwire: every so often the game spawns out of depth monsters like that
  2506 | D:3      | Reached skill level 1 in Shields
  2547 | D:3      | Reached skill level 1 in Charms
  2548 | D:3      | tripwire: best to run unless ur like megastrong
  2560 | D:3      | bongbaron: keeps things interesting lol
  2581 | D:3      | Ragg: wtf orc central
  2682 | D:3      | bongbaron: e-z xp and edible corpses
  2684 | D:3      | bongbaron: whats not to love
  2693 | D:3      | Ragg: yea
  2693 | D:3      | Ragg: its nice
  2693 | D:3      | Ragg: coming one at a time cuz the first guy shouted
  2699 | D:3      | bongbaron: honourable orcs
  2724 | D:3      | tripwire: dont autoexplore
  2728 | D:3      | tripwire: ull run into the snake again
  2731 | D:3      | tripwire: and be really screwed
  2742 | D:3      | bongbaron: yeah
  2742 | D:3      | bongbaron: go southeast
  2743 | D:3      | bongbaron: to the downstairs
  2743 | D:3      | bongbaron: if you hit capital X
  2744 | D:3      | bongbaron: then >
  2756 | D:3      | bongbaron: it will jump to the closest downstairs
  2762 | D:3      | bongbaron: on the map
  3033 | D:4      | tripwire: was it this g ame that u fled from sigmund or a previous one
  3041 | D:4      | Ragg: prev
  3086 | D:4      | tripwire: dang lol
  3087 | D:4      | tripwire: well at least u IDed it...
  3088 | D:4      | Ragg: yea
  3088 | D:4      | Reached XP level 5. HP: 28/28 MP: 13/16
  3111 | D:4      | bongbaron: wat happened i missed a thing
  3114 | D:4      | bongbaron: scroll?
  3118 | D:4      | tripwire: read scroll of blink
  3120 | D:4      | Noticed a manticore
  3121 | D:4      | bongbaron: o neat
  3121 | D:4      | tripwire: hm
  3121 | D:4      | tripwire: manticore
  3121 | D:4      | Ragg: this guy is scary i bet
  3121 | D:4      | bongbaron: wow
  3121 | D:4      | bongbaron: yes
  3121 | D:4      | bongbaron: your getting badl uck!
  3121 | D:4      | tripwire: he can shoot u
  3121 | D:4      | bongbaron: with OOD
  3121 | D:4      | bongbaron: hes also OOD
  3121 | D:4      | bongbaron: for d:4
  3121 | D:4      | bongbaron: run upstairs
  3121 | D:4      | tripwire: ok heres what u do
  3121 | D:4      | bongbaron: then back down a different set of stairs
  3121 | D:4      | tripwire: go to upstairs
  3121 | D:4      | tripwire: lol
  3121 | D:4      | Ragg: lol ok
  3130 | D:3      | bongbaron: whats ur sphere %
  3132 | D:3      | Ragg: getting there
  3132 | D:3      | bongbaron: you can probably take teh snake
  3132 | D:3      | tripwire: gettin there...
  3132 | D:3      | bongbaron: just autoexplore
  3132 | D:3      | Ragg: i think ill just focus conj charm until i can get it online
  3132 | D:3      | Ragg: tbh
  3132 | D:3      | bongbaron: if it doesnt fail 2 casts
  3132 | D:3      | bongbaron: u can kill snake
  3132 | D:3      | bongbaron: yea
  3132 | D:3      | bongbaron: take off stealth
  3132 | D:3      | bongbaron: but leath shields on
  3132 | D:3      | bongbaron: shields help % too
  3132 | D:3      | bongbaron: and defence also
  3232 | D:3      | Ragg: thats where i went down right
  3249 | D:4      | Ragg: NOPE
  3251 | D:3      | tripwire: LOl
  3364 | D:3      | Ragg: can i mark this staircase
  3364 | D:3      | tripwire: !
  3364 | D:3      | Ragg: so i know its scary
  3364 | D:3      | bongbaron: yeah
  3364 | D:3      | bongbaron: !
  3364 | D:3      | bongbaron: !MANTICORE
  3364 | D:3      | tripwire: and uh
  3364 | D:3      | bongbaron: put a ! in it
  3364 | D:3      | tripwire: step off it
  3364 | D:3      | bongbaron: itll prompt
  3368 | D:4      | tripwire: lol
  3368 | D:4      | Ragg: what
  3368 | D:4      | bongbaron: aaa
  3370 | D:3      | tripwire: he means
  3370 | D:3      | tripwire: ur inscription
  3370 | D:3      | tripwire: should start with !
  3370 | D:3      | Ragg: i get it
  3370 | D:3      | Ragg: cool
  3370 | D:3      | tripwire: also
  3370 | D:3      | Ragg: sweet
  3370 | D:3      | tripwire: step off itpress X
  3371 | D:3      | tripwire: press e
  3371 | D:3      | tripwire: er
  3371 | D:3      | tripwire: e again
  3371 | D:3      | tripwire: on u
  3371 | D:3      | tripwire: once more
  3371 | D:3      | Ragg: e on the staircase?
  3371 | D:3      | tripwire: nice
  3371 | D:3      | tripwire: done
  3371 | D:3      | Ragg: ah
  3371 | D:3      | Ragg: cool
  3371 | D:3      | Ragg: so the first one is los exclusion
  3371 | D:3      | Ragg: i guess
  3439 | D:3      | tripwire: yeah
  3441 | D:3      | tripwire: u can mark uniques with that
  3513 | D:3      | tripwire: to autoexplore around them
  3516 | D:3      | tripwire: without waking them up
  3517 | D:3      | Ragg: nice
  3662 | D:4      | tripwire: u can prolly dart it
  3665 | D:4      | Ragg: oh right
  3665 | D:4      | tripwire: check battlesphere out
  3665 | D:4      | Ragg: you cant see hp of undead
  3665 | D:4      | tripwire: it might be castable
  3665 | D:4      | Ragg: i was getting scared lol
  3665 | D:4      | tripwire: NICE
  3665 | D:4      | Ragg: is 24% worth it?
  3665 | D:4      | tripwire: yeah
  3665 | D:4      | Ragg: nice.
  3665 | D:4      | tripwire: just have it up BEFORE
  3685 | D:4      | bongbaron: yea
  3693 | D:4      | tripwire: lol run
  3707 | D:4      | bongbaron: and it needs to be between u and the target if its in a corridor
  3707 | D:4      | bongbaron: it cant shoot through u
  3775 | D:4      | tripwire: battlesphere him
  3775 | D:4      | bongbaron: fuck yeah acq scroll on orc:2 shop
  3869 | D:4      | tripwire: ragg get ur sphere on
  3926 | D:4      | Ragg: lol
  3926 | D:4      | Ragg: ok
  3942 | D:4      | tripwire: it doubles ur spells
  3944 | D:4      | bongbaron: barf
  3966 | D:4      | bongbaron: +1 robe of rc with +1 str
  3970 | D:4      | bongbaron: worst. artefact. ever
  3972 | D:4      | Ragg: how longs it last
  3972 | D:4      | Ragg: sphere
  3975 | D:4      | tripwire: like 15 turns
  4008 | D:4      | bongbaron: not too long
  4008 | D:4      | Ragg: should i just keep it up?
  4008 | D:4      | bongbaron: less time if its shooting
  4008 | D:4      | bongbaron: no
  4008 | D:4      | Ragg: or wait until i fight something
  4008 | D:4      | Ragg: ok
  4008 | D:4      | bongbaron: fights
  4112 | D:4      | bongbaron: and you can cast it again
  4112 | D:4      | bongbaron: to recharge
  4142 | D:4      | bongbaron: like it doesnt lose any time left when u recast i dont think
  4207 | D:4      | bongbaron: anything equalto or tougher than an orc pack, basically drop a sphere and just blast w/ darts
  4253 | D:4      | bongbaron: also u can slow charms training down now
  4264 | D:4      | bongbaron: u wont really need to train charms again until you find haste
  4286 | D:4      | bongbaron: and by the time u do you can just 100% it and get it up in no time at all because of +4
  4289 | D:4      | Reached XP level 6. HP: 32/32 MP: 13/18
  4359 | D:3      | tripwire: u cant search for monsters
  4359 | D:3      | tripwire: since theyre mobile
  4359 | D:3      | Ragg: dang
  4599 | D:3      | Killed a water moccasin
  4600 | D:3      | Ragg: mmmm hell yeah.
  4612 | D:3      | bongbaron: id it inaccuracy actually affects spells too
  4612 | D:3      | tripwire: NICE
  4612 | D:3      | bongbaron: OHHH thats a good one
  4612 | D:3      | tripwire: clarity is badass
  4612 | D:3      | Ragg: that works against confusion right?
  4612 | D:3      | bongbaron: its against ALL forms of confusion
  4612 | D:3      | tripwire: yeahup
  4612 | D:3      | Ragg: NICE
  4612 | D:3      | bongbaron: description is wrong
  4612 | D:3      | bongbaron: spells, meph cloud
  4612 | D:3      | bongbaron: it stops it all
  4612 | D:3      | Ragg: hellyea
  4612 | D:3      | tripwire: even from like
  4612 | D:3      | Ragg: nice in elf
  4612 | D:3      | tripwire: crystal balls
  4612 | D:3      | Ragg: i assume
  4612 | D:3      | bongbaron: yeah
  4612 | D:3      | bongbaron: and vs liches and ancient liches
  4612 | D:3      | Ragg: cuz i went to elf and i got confused to fuck right away
  4659 | D:3      | bongbaron: and for using crystal balls yeah
  4659 | D:3      | bongbaron: careful!
  4660 | D:3      | bongbaron: back away to stairs
  4660 | D:3      | tripwire: priests can shred u
  4660 | D:3      | bongbaron: dont fight him when he opens with a smite from LOS
  4660 | D:3      | bongbaron: fight him when u can cast sphere on first turn
  4660 | D:3      | bongbaron: if it fails 2-3x or he starts smiting, just run
  4660 | D:3      | bongbaron: and turn lots of corners
  4660 | D:3      | bongbaron: so hes out of LOS
  4660 | D:3      | Ragg: what color are starirs on the minimap again
  4660 | D:3      | Ragg: pink and uhh blue?
  4660 | D:3      | Ragg: or yellow
  4660 | D:3      | bongbaron: vOv
  4660 | D:3      | bongbaron: hit X
  4660 | D:3      | bongbaron: to go to map
  4660 | D:3      | bongbaron: then hit >
  4660 | D:3      | bongbaron: err
  4660 | D:3      | bongbaron: <
  4660 | D:3      | bongbaron: it will jump to tehm
  4660 | D:3      | Ragg: that dont work
  4660 | D:3      | bongbaron: idk minimap thres no minimap in ascii
  4660 | D:3      | Ragg: hmm
  4660 | D:3      | bongbaron: yeah it does
  4660 | D:3      | bongbaron: your looking at the upstairs
  4660 | D:3      | bongbaron: right now
  4660 | D:3      | tripwire: lol
  4660 | D:3      | Ragg: it dont work for seeing the minimap i mean
  4660 | D:3      | Ragg: whatever
  4850 | D:3      | Reached skill level 5 in Charms
  4854 | D:3      | Ragg: pew pew
  4854 | D:3      | tripwire: hell yeah
  5040 | D:3      | Ragg: phew
  5040 | D:3      | Ragg: wait
  5040 | D:3      | Ragg: oh
  5040 | D:3      | Ragg: ok
  5099 | D:3      | Ragg: wonder if i can take the mantycore now
  5143 | D:4      | tripwire: only one way to find out
  5218 | D:4      | bongbaron: omfg woot
  5219 | D:4      | bongbaron: wizard vault in orc
  5220 | D:4      | bongbaron: free books
  5220 | D:4      | tripwire: TROUBLE
  5220 | D:4      | Ragg: Sun of a bitch!
  5220 | D:4      | bongbaron: scrolls?
  5220 | D:4      | Ragg: its almost dead too
  5220 | D:4      | Ragg: lets see
  5220 | D:4      | tripwire: any items?
  5220 | D:4      | bongbaron: wands?
  5220 | D:4      | bongbaron: wand would finish it
  5220 | D:4      | bongbaron: pretty safely
  5220 | D:4      | tripwire: speed
  5220 | D:4      | bongbaron: speed and run away
  5220 | D:4      | tripwire: quaff speed and run
  5220 | D:4      | Ragg: ok
  5221 | D:4      | bongbaron: and turn around and hit it
  5221 | D:4      | bongbaron: when u have like 6 mp
  5221 | D:4      | bongbaron: and can do a sphere
  5303 | D:4      | bongbaron: lol this vault is cute, two books of minor magic and two sets of wizard hats + robes
  5310 | D:4      | Killed a manticore
  5311 | D:4      | bongbaron: noice
  5311 | D:4      | Ragg: yea nigga
  5311 | D:4      | Ragg: i fucked that up a little lol
  5311 | D:4      | Ragg: stood in front of ym sphere
  5311 | D:4      | bongbaron: eat his heart
  5311 | D:4      | Ragg: but it worked out
  5311 | D:4      | bongbaron: gain his power
  5321 | D:4      | Ragg: mmm yummy manticore
  5321 | D:4      | bongbaron: what teh fuck
  5330 | D:4      | bongbaron: autoexplore just walked into a fire cloud
  5330 | D:4      | bongbaron: it only spawns on one fixed tile
  5330 | D:4      | Ragg: lol
  5362 | D:4      | bongbaron: and autoexplore walked into it
  5407 | D:4      | bongbaron: and cost me an ench armour scroll
  5415 | D:5      | Entered Level 5 of the Dungeon
  5416 | D:5      | Ragg: ahh
  5418 | D:4      | tripwire: lmao
  5418 | D:4      | tripwire: turn charms off
  5418 | D:4      | Ragg: ok
  5418 | D:4      | tripwire: instead of ruinous
  5418 | D:4      | tripwire: u ahve some fag title
  5418 | D:4      | Ragg: lol
  5418 | D:4      | Ragg: Charmwright
  5418 | D:4      | bongbaron: wats ur shields at
  5418 | D:4      | bongbaron: kewl
  5418 | D:4      | Ragg: so uhh
  5418 | D:4      | bongbaron: no morep enalty in robes
  5418 | D:4      | Ragg: how do i remove the warning now
  5418 | D:4      | tripwire: resincribe it
  5418 | D:4      | Ragg: nice
  5505 | D:5      | tripwire: now go on a desperate dive 6 levels down to test your new pwoer
  5507 | D:5      | Ragg: sounds risky
  5519 | D:5      | tripwire: risky is an other word for badass
  5521 | D:5      | Reached XP level 7. HP: 36/36 MP: 13/20
  5542 | D:4      | Ragg: whoops
  5542 | D:4      | Ragg: well it worked
  5542 | D:4      | Ragg: out
  5542 | D:4      | Ragg: im gonna take it one level at a time i think
  5542 | D:4      | Ragg: sorry
  5630 | D:4      | bongbaron: yea
  5630 | D:4      | tripwire: lol
  5670 | D:4      | bongbaron: hes trollign
  5670 | D:4      | tripwire: im just kiddin ragg
  5670 | D:4      | bongbaron: lol
  5672 | D:5      | Ragg: lol
  5672 | D:5      | Ragg: i figured
  5672 | D:5      | bongbaron: whats the farthest u got so far ragg
  5676 | D:5      | Ragg: hofe i got to d8
  5676 | D:5      | bongbaron: kewl
  5676 | D:5      | bongbaron: this combo is real strong
  5676 | D:5      | Ragg: and i got to lair 2 or 3 and elf and orc 2
  5676 | D:5      | Ragg: on various berserkers
  5676 | D:5      | tripwire: sometimes HOWEVER i do advocate, before Ctrl-Qing afterrrrr some horrible misfortune , is just to dive down as deep as possible
  5676 | D:5      | Ragg: and like d10 or d11
  5676 | D:5      | bongbaron: can roll through d:12 and lair on the spells u got now alone
  5676 | D:5      | bongbaron: oh memorize mystic blast btw
  5676 | D:5      | bongbaron: use it instead of darts when sphereing down things like hydras
  5676 | D:5      | Ragg: whatd o you mean by horrible misfortune
  5676 | D:5      | Ragg: like rot mutation or some shit
  5676 | D:5      | Ragg: or whatever it is
  5676 | D:5      | tripwire: ask baron bonghits about horrible misfortuynes lol
  5676 | D:5      | Ragg: lol
  5676 | D:5      | bongbaron: slow movement is the worst mutation
  5676 | D:5      | Ragg: ah
  5693 | D:5      | bongbaron: i can tell u a variety of agonizingly frustrating and slow ways to die in crawl
  5706 | D:5      | bongbaron: lol
  5706 | D:5      | Ragg: lets hear it
  5755 | D:5      | bongbaron: itd take forever n im tryign 2 play at same time
  5760 | D:5      | Reached skill level 6 in Conjurations
  5806 | D:5      | Ragg: lol
  5806 | D:5      | bongbaron: its basically abyss starvation story, demigod quit story, n a few dumb deaths
  5813 | D:5      | Found a staircase to the Ecumenical Temple.
  5814 | D:5      | Ragg: post it in a thread later
  5822 | D:5      | tripwire: i like the demigod quit one
  5835 | D:5      | bongbaron: i love dr what for making taht youtube
  5856 | D:5      | Ragg: what kinda weapons can be good for casters
  5856 | D:5      | Ragg: just staves?
  5970 | D:5      | bongbaron: it depends on race
  5970 | D:5      | Ragg: well
  5970 | D:5      | bongbaron: like my hesk had +2 longswords and +3 bows
  5970 | D:5      | Ragg: this caster in particular then
  5970 | D:5      | bongbaron: basically dont worry about melee
  5970 | D:5      | bongbaron: you want to be recharging if not casting spells
  5970 | D:5      | Ragg: i mean like. weapons that can agument spellcasting
  5970 | D:5      | Ragg: are there any?
  5970 | D:5      | bongbaron: yea
  5970 | D:5      | bongbaron: staff of energy
  5970 | D:5      | tripwire: rather than that
  5970 | D:5      | bongbaron: staff of conjuration
  5970 | D:5      | Ragg: so just staves
  5970 | D:5      | bongbaron: staff of
  5970 | D:5      | bongbaron: yea
  5970 | D:5      | Ragg: ok
  5970 | D:5      | tripwire: ull eventually want staves of magic
  5970 | D:5      | bongbaron: but you dont melee with them really
  5970 | D:5      | tripwire: of some kind or anotyher
  5970 | D:5      | bongbaron: so dont bother w/ xp on staves
  5970 | D:5      | Ragg: just so i know to check staves
  5970 | D:5      | Ragg: but i dont have to worry about other random weapons
  5970 | D:5      | tripwire: youll know
  5976 | D:5      | tripwire: because theyll be like
  5976 | D:5      | Ragg: oh ok
  5991 | D:5      | tripwire: A gnarled smoking staff
  5996 | D:5      | bongbaron: yea its not like a regular quarterstaff
  5996 | D:5      | tripwire: A twisted crystal staff
  5997 | D:5      | tripwire: etc
  5999 | D:5      | bongbaron: it says staff vs quarterstaff
  6000 | D:5      | Ragg: ah right
  6000 | D:5      | Ragg: i did find one of those
  6000 | D:5      | Ragg: and it said like magical staff or something
  6000 | D:5      | Ragg: yea
  6000 | D:5      | Ragg: ok
  6000 | D:5      | bongbaron: ?? in this game??
  6000 | D:5      | Ragg: nono
  6000 | D:5      | bongbaron: could be real strong
  6000 | D:5      | Ragg: berserker game
  6000 | D:5      | bongbaron: o
  6000 | D:5      | bongbaron: bummer
  6050 | D:5      | tripwire: lol
  6081 | D:5      | Found a radiant altar of Vehumet.
  6082 | D:5      | tripwire: danger
  6082 | D:5      | bongbaron: back away
  6082 | D:5      | tripwire: statues are fucking anooying
  6082 | D:5      | bongbaron: you cant kill that yet
  6082 | D:5      | bongbaron: not without dying
  6082 | D:5      | Ragg: damn it
  6082 | D:5      | tripwire: it will blast u from afar with clouds of ice and shit
  6082 | D:5      | bongbaron: like you have the raw firepower
  6082 | D:5      | Ragg: right in front of the vehumet shrine too
  6082 | D:5      | tripwire: and summon iceb easts
  6082 | D:5      | Ragg: Mother fucker
  6082 | D:5      | bongbaron: but you will get fucking wasted
  6082 | D:5      | bongbaron: there might be one in temple too
  6082 | D:5      | Ragg: oh
  6082 | D:5      | Ragg: ok
  6082 | D:5      | bongbaron: if not, theres always sif
  6082 | D:5      | Ragg: Ya
  6082 | D:5      | bongbaron: sif muna is good and strong
  6082 | D:5      | Ragg: true
  6082 | D:5      | bongbaron: just doesnt power up as fast as veh
  6082 | D:5      | tripwire: u need to have like, ways of blasting them apart before u attempt that
  6150 | D:5      | Noticed Grinder
  6151 | D:5      | tripwire: whoa
  6151 | D:5      | tripwire: grinder
  6151 | D:5      | tripwire: hes dangerous
  6151 | D:5      | bongbaron: you can PROBABLY take him
  6151 | D:5      | bongbaron: but
  6151 | D:5      | bongbaron: hes one of the toughest early game uniques
  6151 | D:5      | tripwire: he paralyzes and casts pain
  6151 | D:5      | bongbaron: be careful
  6151 | D:5      | bongbaron: if he paralyzes u and your fucked up blink away
  6151 | D:5      | bongbaron: but go for it
  6152 | D:5      | bongbaron: u can rpolly kill
  6153 | D:5      | bongbaron: in like 5 darts
  6155 | D:5      | Killed Grinder
  6155 | D:5      | Reached skill level 5 in Stealth
  6155 | D:5      | Reached skill level 5 in Spellcasting
  6155 | D:5      | tripwire: lol
  6155 | D:5      | Ragg: EZ
  6155 | D:5      | Ragg: EZ
  6155 | D:5      | tripwire: free grinder
  6155 | D:5      | bongbaron: i have such a good feel for this game
  6155 | D:5      | bongbaron: 5 darts exactly
  6155 | D:5      | Ragg: lol
  6155 | D:5      | Reached XP level 8. HP: 41/41 MP: 13/23
  6216 | D:5      | bongbaron: and tahts one of the toughest early game uniques
  6217 | D:5      | bongbaron: worse than sigmund really
  6231 | D:5      | bongbaron: decj is such a dope combo
  6231 | D:5      | Ragg: yikes
  6231 | D:5      | bongbaron: you can do that
  6231 | D:5      | bongbaron: turn the corner SE
  6231 | D:5      | tripwire: i like the quote about grinder being a potion of experience that randomly kills you
  6231 | D:5      | bongbaron: to remove 2nd priest from los
  6231 | D:5      | bongbaron: then sphere
  6231 | D:5      | Ragg: and kist mile
  6231 | D:5      | Ragg: erm
  6231 | D:5      | bongbaron: then kill priests first
  6231 | D:5      | Ragg: *just nuke
  6231 | D:5      | Ragg: ok
  6232 | D:5      | bongbaron: go SE 1 move first
  6232 | D:5      | bongbaron: yea
  6237 | D:5      | bongbaron: Tactics
  6238 | D:5      | bongbaron: ftw
  6241 | D:5      | tripwire: let the slaughter begin
  6243 | D:5      | bongbaron: sphere!!!!
  6244 | D:5      | tripwire: battlesphere!!!
  6246 | D:5      | bongbaron: your firepower goes down to like 10% without sphere!
  6249 | D:5      | bongbaron: gotta keep it up
  6249 | D:5      | Ragg: lool
  6249 | D:5      | Ragg: yea
  6249 | D:5      | tripwire: phew
  6249 | D:5      | Ragg: well i did it
  6249 | D:5      | Ragg: phew
  6260 | D:5      | bongbaron: n1
  6525 | D:5      | bongbaron: whoa
  6525 | D:5      | Ragg: holy crap
  6525 | D:5      | bongbaron: the price of onions has quadruple in india
  6525 | D:5      | bongbaron: i'd die if that happened
  6525 | D:5      | bongbaron: run away a bit
  6525 | D:5      | bongbaron: draw them out a few at a time
  6525 | D:5      | bongbaron: and itll be no problem
  6527 | D:5      | bongbaron: dont shout or buff
  6530 | D:5      | bongbaron: just run and pull as few as you can
  6530 | D:5      | bongbaron: and when you turn and fight -
  6534 | D:5      | bongbaron: do it just on the other side of the moat
  6543 | D:5      | bongbaron: that way they stand in the water
  6543 | D:5      | bongbaron: run
  6543 | D:5      | Ragg: ahh
  6549 | D:5      | bongbaron: sergeant is tuff
  6553 | D:5      | bongbaron: u need a trickle of them not a mob
  6568 | D:4      | bongbaron: can prolly turn and kill
  6568 | D:4      | bongbaron: dont go up
  6569 | D:4      | bongbaron: arg
  6571 | D:4      | bongbaron: ok dont go back dow lol
  6595 | D:4      | bongbaron: take different stairs
  6634 | D:4      | bongbaron: going up/down is like 3 turns
  6689 | D:5      | tripwire: whatd i miss
  6710 | D:5      | bongbaron: running from a gnoll castle
  6710 | D:5      | Ragg: a million gnolls
  6718 | D:5      | tripwire: cool
  6718 | D:5      | tripwire: gnoll castle ftw
  6720 | D:5      | tripwire: its fairly rough this early tho
  6725 | D:5      | Ragg: can i kite an ogre
  6725 | D:5      | Ragg: i mean
  6725 | D:5      | Ragg: it will prbably one shot me
  6725 | D:5      | Ragg: well 2 shot
  6725 | D:5      | tripwire: yeah
  6725 | D:5      | tripwire: battlesphere
  6725 | D:5      | tripwire: then blast
  6728 | D:5      | tripwire: tada
  6728 | D:5      | Ragg: nice
  6728 | D:5      | Ragg: i love that you can block with battlesphere
  6728 | D:5      | Ragg: so nice
  6735 | D:5      | bongbaron: its suuuuch agood spell
  6739 | D:5      | tripwire: dont rely on that tho
  6739 | D:5      | tripwire: its paper thin
  6741 | D:5      | bongbaron: yea
  6748 | D:5      | bongbaron: it dies real fast
  6756 | D:5      | bongbaron: and 4mp to block for 1 or 2 turns aint worth it
  6760 | D:5      | tripwire: those eyes drain ur mp
  6781 | D:5      | tripwire: lol
  6789 | D:5      | Ragg: tjios is bad
  6789 | D:5      | tripwire: pincer attacked
  6789 | D:5      | bongbaron: just exchange spots
  6789 | D:5      | bongbaron: with your orb
  6790 | D:5      | bongbaron: try for last 2 nukes
  6790 | D:5      | bongbaron: before using scroll
  6792 | D:5      | bongbaron: shoot through it!
  6792 | D:5      | bongbaron: what
  6792 | D:5      | bongbaron: why did you
  6792 | D:5      | bongbaron: what
  6792 | D:5      | tripwire: LOL
  6792 | D:5      | Ragg: sorry
  6792 | D:5      | Ragg: lol
  6792 | D:5      | Ragg: it doesnt matter
  6792 | D:5      | bongbaron: ok blink or die lol
  6792 | D:5      | bongbaron: well u couldve saved blink scroll
  6792 | D:5      | Ragg: no i mean
  6792 | D:5      | bongbaron: which is best escape item in game
  6792 | D:5      | Ragg: i couldnt have killed the dude
  6792 | D:5      | bongbaron: yea
  6792 | D:5      | bongbaron: you coulda
  6792 | D:5      | bongbaron: one dart
  6792 | D:5      | tripwire: we'll never know
  6792 | D:5      | Ragg: but i accidentally moved instead of firing
  6792 | D:5      | chacha: im proud of u Ragg.
  6792 | D:5      | bongbaron: its just a regular gnoll
  6792 | D:5      | Ragg: I did fire once though
  6792 | D:5      | Ragg: and it did nothing
  6792 | D:5      | tripwire: the battlesphere didnt
  6792 | D:5      | Ragg: oh
  6792 | D:5      | tripwire: thats the point
  6792 | D:5      | Ragg: because it died first
  6792 | D:5      | Ragg: Fuck
  6792 | D:5      | bongbaron: ur doin great dont get me wrong im just tryign to train noobs into mighty crawlers
  6792 | D:5      | Ragg: Well
  6792 | D:5      | tripwire: u shot in the way that battlesphere can't shoot
  6792 | D:5      | Ragg: It was a total accident that i moved lol
  6792 | D:5      | tripwire: lol
  6792 | D:5      | Ragg: I hit the wrong button
  6792 | D:5      | Ragg: and i didnt select a spell before i hit movement key
  6792 | D:5      | Ragg: For targetting
  6792 | D:5      | bongbaron: when tht kills u its the worst feeling
  6792 | D:5      | Ragg: ;_;
  6792 | D:5      | Ragg: well its blink time
  6792 | D:5      | bongbaron: especially when you kill yourself with a spell
  6794 | D:5      | bongbaron: because then your cause of death
  6796 | D:5      | bongbaron: is Literally
  6804 | D:4      | bongbaron: "Killed himself with poor targetting"
  6805 | D:4      | Ragg: lol
  6958 | D:5      | Reached skill level 7 in Conjurations
  6971 | D:4      | Ragg: stupid ass draining bastard
  7088 | D:4      | tripwire: my fav way of suiciding in nethack is throwing my hat in the air and letting it clunk my head until i die
  7115 | D:4      | Ragg: lol
  7115 | D:4      | bongbaron: hahaha
  7115 | D:4      | Ragg: any of these other spells good btw?
  7115 | D:4      | bongbaron: blast
  7115 | D:4      | bongbaron: mem blast already
  7115 | D:4      | bongbaron: blast + sphere
  7115 | D:4      | bongbaron: is like dart + sphere on crack
  7115 | D:4      | Ragg: nice
  7115 | D:4      | bongbaron: it will kill 8 headed hydras in 3-4 turns
  7115 | D:4      | Ragg: spell level is the mana cost also right, btw?
  7115 | D:4      | bongbaron: but ofc it takes 4x the mana
  7115 | D:4      | bongbaron: so
  7115 | D:4      | tripwire: those other 2 spells aren't crazy
  7115 | D:4      | bongbaron: save it for tuff stuff
  7115 | D:4      | bongbaron: yeah
  7115 | D:4      | Ragg: ok
  7115 | D:4      | Ragg: spray could be ok aoe cc?
  7115 | D:4      | bongbaron: dazzling spray is kind of blehhhh
  7115 | D:4      | Ragg: meh
  7115 | D:4      | tripwire: maybe save spell levels
  7115 | D:4      | bongbaron: it has funky targetting
  7115 | D:4      | tripwire: u might find a book
  7115 | D:4      | Ragg: ok
  7115 | D:4      | bongbaron: and it gets resisted a lot
  7115 | D:4      | Ragg: i want another cloud book dammit
  7115 | D:4      | tripwire: and think ohoh if only i had levels to learn this sick spell
  7115 | D:4      | bongbaron: fulimnant prism is ok but im not a fan
  7120 | D:4      | Learned a level 4 spell: Iskenderun's Mystic Blast
  7121 | D:4      | bongbaron: too much position work
  7123 | D:5      | bongbaron: easier to just blast shit
  7126 | D:5      | tripwire: dont go upstairs
  7133 | D:5      | tripwire: nice
  7179 | D:5      | Ragg: gotta remember to move into corridors lol
  7179 | D:5      | bongbaron: whenever ur running remember things get 2-3 free turns on you using stairs
  7183 | D:5      | bongbaron: so if your super super low HP heal before climb
  7203 | D:5      | Ragg: yea
  7203 | D:5      | Ragg: ive made that mistake, like a lot
  7353 | D:5      | tripwire: getting clobberdd while attempting to descent the stairs is pretty funy
  7437 | D:5      | bongbaron: u kno i never much thought too highly of the vehumet range boost except for LCS
  7444 | D:5      | bongbaron: but its really good on magma bolt too
  7502 | D:5      | tripwire: yeah i always hate being a caster of another god when i try out magma bolt and am like Aww... wtf
  7523 | D:5      | tripwire: its like a big dmg boost for crowds
  7542 | D:5      | tripwire: 5 tiles vs 4
  7582 | D:5      | bongbaron: haha cool
  7615 | D:5      | bongbaron: i ran away from a mob of demons summoned by an orc high priests and a bunch of warriors
  7623 | D:5      | bongbaron: a hellwing teleports me behind them back into the empty shop room
  7629 | D:5      | bongbaron: later suckers
  7716 | D:5      | tripwire: battlesphere is truly ftw
  7732 | D:5      | bongbaron: its up there w/ meph cloud
  7747 | D:5      | tripwire: its singlehandedly letting ragg dart down gnoll sargents on dlvl5
  7758 | D:5      | Ragg: yes
  7758 | D:5      | Ragg: Its wonderful
  7859 | D:5      | tripwire: lol
  7865 | D:5      | tripwire: fucking wasted that imp like it aint no thang
  7887 | D:5      | Ragg: im a beast
  8055 | D:5      | bongbaron: aw man shit all on orc:4 shops
  8243 | D:5      | bongbaron: that feel when an armour shop without a single piece of enchanted gear in it
  8251 | D:5      | Ragg: what do i do with grates
  8253 | D:5      | tripwire: thats ggggggggRrrrrrrrrate
  8260 | D:5      | tripwire: you disintegrate them
  8260 | D:5      | bongbaron: digging or orb of destruction
  8260 | D:5      | Reached XP level 9. HP: 45/45 MP: 25/27
  8264 | D:5      | bongbaron: or wand of distin yea
  8291 | D:5      | Ragg: ok
  8291 | D:5      | chacha: Gj Rag..
  8330 | D:5      | tripwire: ragg is doin it
  8334 | D:5      | bongbaron: ragg the ruinous
  8349 | D:5      | tripwire: u reclaimed ur former title
  8357 | D:5      | chacha: Your sphere is cool
  8358 | D:5      | Ragg: I reclaimed my title cuz the game was like, whoa this guy is pro
  8358 | D:5      | Ragg: Give him a cool title
  8359 | D:5      | tripwire: Battlesphere, youre my only friend
  8359 | D:5      | Ragg: ye
  8500 | D:5      | tripwire: well, theres a spear of flaming... tthats a thing iguess
  8534 | D:5      | tripwire: do brands work on thrown weapons? i mguessing no
  8545 | D:5      | bongbaron: i think so
  8548 | D:5      | bongbaron: yeah actually
  8552 | D:5      | bongbaron: i remember throwing a venom dagger once
  8583 | D:5      | bongbaron: and it worked
  8616 | D:5      | tripwire: then a fire spear wouldnt be a bad thing to have
  8649 | D:5      | tripwire: as a last resort for an eye of draining
  8692 | D:5      | bongbaron: lol ver y last resort
  8692 | D:5      | bongbaron: no wands yet?
  8709 | D:5      | tripwire: its only d5
  8710 | D:5      | tripwire: oh
  8710 | D:5      | tripwire: there IS one
  8713 | D:5      | Ragg: crappy wand
  8715 | D:5      | bongbaron: yeah
  8715 | D:5      | tripwire: lol
  8718 | D:5      | bongbaron: drop-worthy
  8718 | D:5      | tripwire: no
  8726 | D:5      | bongbaron: unless youre like a spriggan of nemelex
  8726 | D:5      | tripwire: toss it into the deep water
  8726 | D:5      | bongbaron: everything will resist that
  8726 | D:5      | tripwire: i compel you
  8726 | D:5      | Ragg: lol
  8726 | D:5      | bongbaron: lol
  8728 | D:5      | Ragg: i did it
  8728 | D:5      | tripwire: u have to throw it
  8729 | D:5      | tripwire: its only in the shallows
  8729 | D:5      | bongbaron: yea and targe teh water
  8730 | D:5      | Ragg: nice
  8730 | D:5      | bongbaron: stink ass wand
  8730 | D:5      | tripwire: :dukedog:
  8740 | D:5      | Ragg: showed that wand what for
  8837 | D:5      | tripwire: was it u baronb who h ad that adom story about petrifying adwarven child, kidnapping it from town and kicking it into pieces to reveal a wand inside
  8837 | D:5      | Ragg: jackass and gnoll. this is dog level
  8872 | D:5      | tripwire: i still think and laugh about that sometimes
  8935 | D:5      | bongbaron: lmfao
  8965 | D:5      | bongbaron: no that must have been tink
  8965 | D:5      | Ragg: lol
  8965 | D:5      | tripwire: ahaha
  8965 | D:5      | chacha: i wish adom wasnt fun
  8967 | D:5      | bongbaron: i have some funny adom stories
  8974 | D:5      | chacha: cause its p bad
  9038 | D:5      | bongbaron: but i dont really remember them
  9072 | D:5      | bongbaron: because ive been playing so much crawl lately
  9076 | D:5      | bongbaron: and smoking so much weed yeaaaaaaaaa nigggaaaaa
  9164 | Temple   | Entered the Ecumenical Temple
  9336 | Temple   | tripwire: Ragg finds religion
  9383 | Temple   | bongbaron: who u picking?
  9383 | Temple   | Ragg: ye
  9383 | Temple   | Ragg: lets see
  9383 | Temple   | bongbaron: sif or veh are pretty mcuh the go to's
  9383 | Temple   | Ragg: guess its sif
  9383 | Temple   | chacha: kneel at the altar of reddit
  9383 | Temple   | bongbaron: ashenzari would also work but is a lo trickier
  9383 | Temple   | tripwire: no veh in temple
  9383 | Temple   | bongbaron: well
  9383 | Temple   | tripwire: ashenzari is SICK as hel imo
  9383 | Temple   | bongbaron: do you have a scroll of blinking
  9383 | Temple   | bongbaron: if you REALLY want vehumet
  9383 | Temple   | tripwire: and everyone should try it over vehumet which is way more passive/boring
  9383 | Temple   | Ragg: nah
  9383 | Temple   | bongbaron: you could drink resist
  9383 | Temple   | bongbaron: run to the altar
  9383 | Temple   | Ragg: its not that big a deal
  9383 | Temple   | bongbaron: and teleport off
  9383 | Temple   | bongbaron: lol
  9383 | Temple   | Ragg: plus i havent trie d sif before
  9383 | Temple   | Ragg: lol
  9383 | Temple   | bongbaron: after converting
  9383 | Temple   | tripwire: sif is cool
  9383 | Temple   | bongbaron: sif is cool
  9415 | Temple   | chacha: is vehumet in the lava
  9415 | Temple   | tripwire: jinx
  9415 | Temple   | bongbaron: it takes a long time to start getting gifts
  9415 | Temple   | tripwire: vehumet is guarded by an ice statue
  9415 | Temple   | bongbaron: *gets punched*
  9415 | Temple   | bongbaron: but sif muna will eventually gift you Literally every spell in the game
  9415 | Temple   | Became a worshipper of Sif Muna the Loreminder
  9416 | Temple   | chacha: do the card guy
  9416 | Temple   | chacha: nemelex
  9430 | D:5      | bongbaron: plus she has channeling on demand
  9433 | D:5      | bongbaron: which is a lot stronger than vehumet's MP on kill imo
  9446 | D:5      | bongbaron: (though with the new staff of energy its not as big a draw as it used to be)
  9486 | D:5      | Reached skill level 8 in Conjurations
  9496 | D:5      | bongbaron: sif gives piety for training magic skills so dump all ur xp into that shit
  9548 | D:6      | bongbaron: then once you can start channeling train invocations up to like 8 at least
  9586 | D:6      | tripwire: DAMN
  9586 | D:6      | Ragg: Summon Dragon sounds epic
  9586 | D:6      | bongbaron: niiiice
  9586 | D:6      | bongbaron: it is
  9586 | D:6      | tripwire: it is the best spell ever
  9586 | D:6      | bongbaron: its really strong
  9586 | D:6      | Ragg: and i guess flight is nice soemtimes
  9586 | D:6      | bongbaron: but
  9586 | D:6      | bongbaron: BUT
  9586 | D:6      | bongbaron: summoning wwas just hugely nerfed
  9586 | D:6      | bongbaron: a couple patches ago
  9586 | D:6      | bongbaron: and more so now
  9586 | D:6      | tripwire: :/
  9586 | D:6      | bongbaron: you're capped at two dragons now
  9586 | D:6      | bongbaron: you can haste them
  9586 | D:6      | tripwire: WHAT?!@?!
  9586 | D:6      | bongbaron: yes
  9586 | D:6      | tripwire: NOOOOOOOoooooooooooo
  9586 | D:6      | bongbaron: it used to be you could have a mob
  9586 | D:6      | Ragg: lol
  9586 | D:6      | bongbaron: like a dozen dragons
  9586 | D:6      | tripwire: i used to love making a cloud of 16 dragons
  9586 | D:6      | bongbaron: which would rape everything that didnt abjure them
  9586 | D:6      | tripwire: and stomping around
  9586 | D:6      | bongbaron: yeah
  9586 | D:6      | bongbaron: it was great
  9586 | D:6      | Ragg: Which of these spells are worth getting then
  9586 | D:6      | bongbaron: and youre already really invested into conjuration
  9586 | D:6      | bongbaron: bolt of fire
  9586 | D:6      | tripwire: flight is good
  9586 | D:6      | bongbaron: get bolt of fire and start training fire
  9586 | D:6      | tripwire: and bolt of fire is good
  9586 | D:6      | bongbaron: go firestorm
  9586 | D:6      | Ragg: ok
  9586 | D:6      | bongbaron: the first book you get as a conjurer generally picks what element you go
  9586 | D:6      | bongbaron: and that ones pretty cut and dry
  9586 | D:6      | Ragg: ahhh
  9586 | D:6      | Ragg: i need more conj i guess
  9586 | D:6      | bongbaron: start pumping fire its a real good spell
  9586 | D:6      | bongbaron: shields is almost done thats nice
  9590 | D:6      | bongbaron: 0.2 more and then u dont need to train it for rest of game
  9590 | D:6      | tripwire: Ding shields are done
  9596 | D:6      | bongbaron: lol
  9706 | D:6      | Ragg: whats the deal with sentinel mark
  9706 | D:6      | Ragg: just an alarm that alerts monsters near you ro what
  9706 | D:6      | bongbaron: attracts monsters to you
  9706 | D:6      | Ragg: ok
  9712 | D:6      | bongbaron: everything can see yuo
  9712 | D:6      | bongbaron: and is running towards you
  9712 | D:6      | Ragg: ah i see
  9723 | D:6      | Reached skill level 5 in Shields
  9755 | D:6      | Ragg: hmm
  9755 | D:6      | bongbaron: REGEN
  9755 | D:6      | bongbaron: REGENERATION!!!!
  9755 | D:6      | bongbaron: ONE OF THE BEST SPELLS IN THE GAME
  9755 | D:6      | Ragg: lol
  9755 | D:6      | bongbaron: its sooo good
  9755 | D:6      | bongbaron: oooooh and fireball
  9759 | D:6      | Learned a level 3 spell: Regeneration
  9759 | D:6      | bongbaron: fireball vs bolt of fire
  9759 | D:6      | bongbaron: is personal preference
  9759 | D:6      | bongbaron: theyre both big AOE fire spells
  9759 | D:6      | bongbaron: one is a line
  9759 | D:6      | bongbaron: one is a 3x3 explosion
  9759 | D:6      | Ragg: fireball is 3x3 i guess?
  9759 | D:6      | Ragg: would be nice to have
  9759 | D:6      | bongbaron: you already have a sick set of spells
  9759 | D:6      | bongbaron: yeah
  9759 | D:6      | Ragg: against like bees and shit
  9759 | D:6      | bongbaron: its really strong
  9759 | D:6      | Ragg: ill get fireball
  9759 | D:6      | Ragg: its easier to
  9759 | D:6      | bongbaron: do fball then
  9759 | D:6      | bongbaron: yeah
  9759 | D:6      | Ragg: i can train fire right away if i get it
  9759 | D:6      | bongbaron: yeah
  9765 | D:6      | Learned a level 5 spell: Fireball
  9765 | D:6      | bongbaron: do it
  9765 | D:6      | bongbaron: and fireball + sphere + mystic blast for fire resistant things, will Definitely last you long enough to start getting books from sif muna
  9765 | D:6      | tripwire: oh
  9765 | D:6      | bongbaron: like my demigod quit game was after 6 runes and was basically just killing things with fireball
  9765 | D:6      | tripwire: and turn dodging on for chrissakes
  9765 | D:6      | Ragg: lol
  9765 | D:6      | tripwire: dodging is onlyt 2.4 D: D: D:
  9765 | D:6      | Ragg: Sorry
  9793 | D:6      | tripwire: well
  9793 | D:6      | tripwire: i mean its c ool if nothing reaches u
  9815 | D:6      | bongbaron: for reference
  9824 | D:6      | tripwire: but if anything gets close, u will fold like paper
  9864 | D:6      | bongbaron: my decj has just cleared orc 4 and has been meleed exactly 3 times since getting sphere online
  9874 | D:6      | bongbaron: u can kill most shit before it touches you
  9888 | D:6      | bongbaron: and when u cant run away recharge and then do
  9957 | D:6      | Found a burning altar of Makhleb.
 10003 | D:6      | Reached skill level 1 in Fire Magic
 10004 | D:6      | tripwire: why are u turning charms on lol
 10004 | D:6      | Ragg: uhh
 10004 | D:6      | Ragg: i dont know
 10004 | D:6      | bongbaron: yeah leave it off untl you find haste or repel/deflect missiles
 10004 | D:6      | Ragg: oh that sonly for sphere i guess
 10004 | D:6      | Ragg: ok
 10004 | D:6      | bongbaron: nothing else needs it
 10004 | D:6      | tripwire: yea u want fire to rise super fast
 10006 | D:6      | bongbaron: also when sif starts letting u channel mana
 10006 | D:6      | bongbaron: remember to turn on invocations
 10006 | D:6      | Ragg: ok
 10009 | D:6      | bongbaron: you gotta train it it makes the channel really strong at high levels
 10133 | D:6      | Ragg: ez pz
 10134 | D:6      | tripwire: SEeee
 10199 | D:6      | tripwire: orc packs are just to punish u for playing sloppy
 10199 | D:6      | Ragg: yea
 10214 | D:6      | tripwire: if u can lure them into corners like that its a slaughter
 10220 | D:6      | bongbaron: yessssssss my midgame food vault was the royal jelly one
 10257 | D:6      | tripwire: wow
 10257 | D:6      | bongbaron: 6x royals
 10260 | D:6      | tripwire: nice
 10318 | D:6      | tripwire: rip the hive
 10352 | D:6      | tripwire: wow
 10358 | D:6      | tripwire: surprised that orc warrior didnt own u
 10543 | D:6      | bongbaron: dartsphere shits on orc warriors
 10544 | D:6      | tripwire: battlesphere melted him
 10560 | D:6      | Ragg: yea
 10606 | D:7      | bongbaron: blurgh azrael
 10606 | D:7      | Ragg: i could have died 5 times on a berserker by now
 10606 | D:7      | Ragg: but this is a lot more interesting
 10638 | D:7      | Ragg: any of those good
 10642 | D:7      | bongbaron: lol one pot of speed and him + whole entourage goes down without doing 1 hp of damage
 10642 | D:7      | bongbaron: goddamn fuckin DECJ owns
 10648 | D:7      | Acquired Sif Muna's first power
 10649 | D:7      | bongbaron: any of wat sorry i missed it
 10650 | D:7      | bongbaron: oh cool channeling
 10650 | D:7      | bongbaron: turn invoc on
 10650 | D:7      | Ragg: ok i will
 10650 | D:7      | Ragg: those spells
 10650 | D:7      | bongbaron: those are good for necromancers
 10650 | D:7      | bongbaron: not really for u
 10650 | D:7      | Ragg: ok
 10650 | D:7      | bongbaron: death channel can be situationally useful
 10910 | D:7      | tripwire: lol
 10921 | D:7      | tripwire: *prays to sif muna* *puts on ring* *gets dumber*
 10930 | D:7      | bongbaron: haha
 10930 | D:7      | Ragg: lol
 10976 | D:7      | Ragg: that amulet took all my mana
 10976 | D:7      | tripwire: yuuuuuup
 11005 | D:7      | bongbaron: spirit amulet?
 11014 | D:7      | bongbaron: yeah spirit stinks
 11025 | D:7      | bongbaron: you dont want it on basically anything that casts
 11034 | D:7      | bongbaron: only really berserkers and pure fighters have a use for it
 11167 | D:7      | Got a twitching steel amulet
 11189 | D:7      | tripwire: ID first
 11189 | D:7      | bongbaron: yea
 11189 | D:7      | bongbaron: amulets dont auto-ID if artefact
 11189 | D:7      | Ragg: can artifacts fuck you over or what
 11189 | D:7      | bongbaron: same rings
 11189 | D:7      | Identified the amulet of Fepaehaa {Gourm Dex+4} (You found it on level 7 of the Dungeon)
 11190 | D:7      | bongbaron: it should be good
 11190 | D:7      | bongbaron: with any luck
 11190 | D:7      | bongbaron: NICE
 11190 | D:7      | Ragg: ok
 11190 | D:7      | bongbaron: thats really good
 11190 | D:7      | tripwire: wow
 11190 | D:7      | Ragg: oh
 11190 | D:7      | Ragg: gourmet
 11190 | D:7      | Ragg: nice
 11190 | D:7      | tripwire: its gourmand, with an upside
 11190 | D:7      | bongbaron: eat everything
 11190 | D:7      | tripwire: thats insane
 11190 | D:7      | bongbaron: cast spells without worry about hunger
 11190 | D:7      | Ragg: gourmand i mean
 11190 | D:7      | Ragg: yea
 11190 | D:7      | bongbaron: and dex helps dodging too
 11195 | D:7      | bongbaron: very very good amulet
 11195 | D:7      | Ragg: woot
 11237 | D:7      | bongbaron: it takes like 100 turns to kick in
 11239 | D:7      | Found a shattered altar of Ashenzari.
 11284 | D:7      | bongbaron: er like 200-300
 11345 | D:7      | tripwire: FAt BOyz
 11382 | D:8      | bongbaron: be stuffed and fat at all times from now on, ftw
 11382 | D:8      | tripwire: *obese elf shuffles over*
 11392 | D:8      | Reached skill level 1 in Invocations
 11392 | D:8      | bongbaron: ADOM and nethack penalize overstuffing yourself
 11393 | D:8      | bongbaron: crawl doesnt
 11410 | D:8      | bongbaron: you should be engorged basically 24/7
 11423 | D:8      | tripwire: yeah nethack u fuckin die lol
 11460 | D:8      | bongbaron: one o f my first nethack ascension worthy guys
 11467 | D:8      | bongbaron: died choking to death on the astral plane
 11469 | D:8      | bongbaron: lmao
 11469 | D:8      | tripwire: *chokes on tinned wizard of yendor*
 11475 | D:8      | bongbaron: it was literally a tin of somethng with an intrinsic or something
 11479 | D:8      | bongbaron: when i wasl ike 500 turns from my first ascension
 11487 | D:8      | bongbaron: HURP YOU CAN ALWAYS USE MORE STRENGTH FROM SPINACH *chokes 2 death w/ most powerful artefacti n existence*
 11487 | D:8      | Slain by an orc warrior

Action                   |  1- 3 |  4- 6 |  7- 9 || total
-------------------------+-------+-------+-------++-------
Melee: Dagger            |     2 |       |       ||     2
       Short sword       |     1 |     2 |    13 ||    16
 Cast: Magic Dart        |    97 |   166 |   322 ||   585
       Iskenderun's Batt |       |     6 |    67 ||    73
Invok: Channel Energy    |       |       |     1 ||     1
Evoke: Wand              |       |       |     5 ||     5
  Use: Scroll            |     7 |     3 |     4 ||    14
       Potion            |       |     1 |     1 ||     2
